 Dungeon Crawl Stone Soup version 0.29.1-12-g30fa7ad0bf (webtiles) character file.

Game seed: 11009941673474092933

94 LustLizard the Firebug (level 4, 0/36 HPs)
             Began as a Hill Orc Fire Elementalist on Jan 13, 2023.
             Slain by a gnoll
             ... wielding a +0 whip
              (3 damage)
             ... on level 3 of the Dungeon.
             The game lasted 00:04:55 (3876 turns).

LustLizard the Firebug (Hill Orc Fire Elementalist) Turns: 3876, Time: 00:04:55

Health: 0/36       AC:  4    Str: 10    XL:     4   Next: 63%
Magic:  1/6        EV: 11    Int: 17    God:
Gold:   136        SH:  0    Dex: 11    Spells: 3/6 levels left

rFire   . . .      SeeInvis .   g - +0 hand axe
rCold   . . .      Faith    .   (no shield)
rNeg    . . .      Spirit   .   m - +0 leather armour
rPois   .          Reflect  .   (no helmet)
rElec   .          Harm     .   (no cloak)
rCorr   .          Rampage  .   k - +0 pair of gloves
Will    .....                   (no boots)
Stlth   ++........              (no amulet)
HPRegen 0.12/turn               (no ring)
MPRegen 0.10/turn               (no ring)

@: no status effects
A: no striking features
a: no special abilities


You were on level 3 of the Dungeon.
You visited 1 branch of the dungeon, and saw 3 of its levels.

You collected 136 gold pieces.

Inventory:

Hand Weapons
 e - a +0 dagger
 g - a +0 hand axe (weapon)
Armour
 a - a +0 robe
 k - a +0 pair of gloves (worn)
 m - a +0 leather armour (worn)
Scrolls
 c - 3 scrolls of identify {unknown}
 f - 2 scrolls of teleportation {unknown}
 i - a scroll of immolation
 n - a scroll of fear {unknown}
 o - a scroll of enchant weapon {unknown}
 p - a scroll of silence {unknown}
Potions
 b - a potion of magic
 d - 2 potions of heal wounds {unknown}
 h - a potion of flight {unknown}
 j - a potion of ambrosia {unknown}
 l - a potion of curing {unknown}
 q - a potion of might {unknown}


   Skills:
 + Level 1.8 Fighting
 - Level 1.5 Dodging
 - Level 2.0 Stealth
 + Level 1.9 Spellcasting
 * Level 2.5 Conjurations
 * Level 4.1 Fire Magic


You had 3 spell levels left.
You knew the following spells:

 Your Spells              Type           Power      Damage    Failure   Level
a - Foxfire               Conj/Fire      48%        2x1d6     7%          1
b - Scorch                Fire           30%        2d6       8%          2

Your spell library contained the following spells:

 Spells                   Type           Power      Damage    Failure   Level
 Conjure Flame            Conj/Fire      12%        6-21      21%         3
 Inner Flame              Hex/Fire       8%         N/A       34%         3
 Flame Wave               Conj/Fire      12%        2d6       56%         4


Dungeon Overview and Level Annotations

Branches:
Dungeon (3/15)

Altars:


Message History

The foxfire hits the gnoll but does no damage.
The gnoll is moderately wounded.
The foxfire hits the gnoll but does no damage.
The gnoll is moderately wounded.
You miscast Foxfire.
You are very lightly contaminated with residual magic.
Nothing appears to happen.
The foxfire hits the gnoll.
The gnoll is heavily wounded.
The foxfire hits the gnoll.
The gnoll is severely wounded.
You are out of magic!
Unknown command.
You hit the gnoll but do no damage.
The gnoll is severely wounded.
The gnoll hits you with a +0 whip.
You closely miss the gnoll.
The gnoll is severely wounded.
You hit the gnoll. The gnoll hits you with a +0 whip. x2
Unknown command.
You hit the gnoll.
The gnoll is severely wounded.
You barely miss the gnoll. The gnoll barely misses you.
The gnoll hits you with a +0 whip. x3
You closely miss the gnoll.
The gnoll is severely wounded.
You closely miss the gnoll. The gnoll hits you with a +0 whip.
* * * LOW HITPOINT WARNING * * *
The gnoll hits you with a +0 whip.
* * * LOW HITPOINT WARNING * * *
Unknown command.
You hit the gnoll.
The gnoll is almost dead.
You hit the gnoll but do no damage. The gnoll closely misses you.
The gnoll misses you.
Your magical contamination has completely faded away.
Unknown command.
You hit the gnoll but do no damage.
The gnoll is almost dead.
You completely miss the gnoll. The gnoll hits you with a +0 whip.
You die...

(........>.........+
......###.(........#
.........†.........
......########..#####
......###...........#
....†..##.####......#
######.##.####......#
#....#.##....##.....#
####.#.##..#.##.@g### ##
####.......#.####gg.....
.. .....#.##....#
####.## ##.
.............# #..
####..##.#.#.# #.#
##.##.#.#.# #.#
#......#.# ### #.#
#.##.#.#.# ... #.#
###.##.....#
###.#######.#


You could see 3 gnolls.

Vanquished Creatures
  3 adders
  A worm (D:2)
  2 dart slugs
  An orc (D:2)
  6 ball pythons
  7 bats
  5 endoplasms
  5 giant cockroaches
  A goblin (D:3)
  4 hobgoblins
  4 jackals (D:1)
  A quokka (D:2)
  6 frilled lizards
  7 kobolds
  5 rats
  A bush (D:1)
59 creatures vanquished.

Vanquished Creatures (others)
  152 foxfires
  3 plants (D:1)
155 creatures vanquished.

Grand Total: 214 creatures vanquished

Notes
Turn   | Place    | Note
-------+----------+-------------------------------------------
     0 | D:1      | LustLizard the Hill Orc Fire Elementalist began the quest
                  | for the Orb.
     0 | D:1      | Reached XP level 1. HP: 14/14 MP: 3/3
   352 | D:1      | Reached XP level 2. HP: 22/22 MP: 4/4
  1270 | D:1      | Found a faded altar of an unknown god.
  1868 | D:2      | Reached XP level 3. HP: 27/27 MP: 3/5
  1870 | D:2      | Reached skill level 1 in Fighting
  1873 | D:2      | Learned a level 2 spell: Scorch
  2694 | D:2      | Reached XP level 4. HP: 35/35 MP: 3/6
  3400 | D:3      | Reached skill level 4 in Fire Magic
  3876 | D:3      | Slain by a gnoll

Illustrated notes

Levels and vault maps discovered:
D:1:      minmay_arrival_doors, layout_basic, hellmonk_ecumenical_altar_blasted,
          serial_forest, infiniplex_forest_zigzag_1,
          infiniplex_forest_clump_small, infiniplex_forest_straight_3,
          infiniplex_forest_end_3, infiniplex_forest_clump_double,
          infiniplex_forest_corner_1, infiniplex_forest_straight_3,
          infiniplex_forest_lined_3_way, minmay_misc_feat_ornament
D:2:      minmay_door_path, layout_loops_ring
D:3:      layout_basic

Skill      XL: |  1  2  3  4 |
---------------+-------------+-----
Fighting       | 1 |  1.8
Conjurations   | 2 |  2.5
Fire Magic     | 4 |  4.1
Stealth        | 2 |  2.0
Dodging        | |  1.5
Spellcasting   | |  1.9

Action                   |  1- 3 |  4- 6 || total
-------------------------+-------+-------++-------
Melee: Hand axe          |   300 |    20 ||   320
       Punch             |     7 |       ||     7
 Cast: Foxfire           |    50 |    45 ||    95
       Scorch            |       |     2 ||     2
Armor: Robe              |    14 |       ||    14
       Leather armour    |     6 |     5 ||    11
Dodge: Dodged            |    70 |    18 ||    88
